[Event "SixDays GM March 2024"]
[Site "Budapest"]
[Date "2024.03.31"]
[Round "3.2"]
[White "Orujov, Farid"]
[Black "Mihok, Oliver"]
[Result "0-1"]
[ECO "C77"]
[WhiteElo "2266"]
[BlackElo "2549"]
[Annotator "TA"]
[PlyCount "108"]
[EventDate "2024.03.26"]
[EventType "tourn"]
[EventCountry "HUN"]
[SourceTitle "playchess.com"]
[Source "ChessBase"]
[SourceQuality "1"]
[TimeControl "5400+30"]

1. e4 e5 2. Nf3 Nc6 3. Bb5 a6 4. Ba4 Nf6 5. d4 exd4 6. O-O Be7 7. e5 Ne4 8. Nxd4 O-O 9. Nf5 d5 10. Nxe7+ Nxe7 11. c3 Nc5 12. Bc2 Bf5 13. Na3 {[%emt 0:00:29] The position is equal.} Qd7 14. Be3 Ne6 15. Bxf5 Nxf5 16. Qd3 Nxe3 17. Qxe3 Qa4 18. f4 f5 19. exf6 Rxf6 20. f5 Nf8 21. Qe5 Qc6 22. Rad1 Rd6 23. Qd4 Re8 24. Rde1 b6 25. h3 Qd7 26. Rxe8 Qxe8 27. f6 gxf6 (27... Rxf6 {simplifies} 28. Rxf6 gxf6 29. Qxd5+ Qf7) 28. Rxf6 Rxf6 29. Qxf6 $11 {[%emt 0:00:13][%mdl 4096] Endgame. KQN-KQN} Qe4 30. Qf2 Ng6 31. Nc2 c5 32. Ne3 Nf4 33. Qg3+ Kf7 {[%emt 0:03:04] [#] And now ...Ne2+ would win.} 34. Kh2 h5 35. Qf2 Ke6 36. g3 Ng6 37. Ng2 d4 38. cxd4 cxd4 39. Qd2 (39. b4 $11 {keeps the balance.}) 39... Ne5 $17 {[%emt 0:07:13] Black is more active. White is now going downhill.} 40. Qh6+ (40. Nf4+ $17 Kd7 41. Qe2 Qxe2+ 42. Nxe2) 40... Kd7 {[%emt 0:00:19] [#] ( -> ...Nf3+)} 41. Nf4 (41. Qg7+ {was worth a try.} Kc6 42. Qh6+ Kb5 43. Qxh5) 41... Qc2+ $19 42. Kh1 Qc1+ (42... Qxb2 $2 {perishes.} 43. Qe6+ (43. Qxh5 Qa1+ 44. Kh2 Qxa2+ 45. Kg1 Qb1+ 46. Kf2 Qc2+ 47. Kf1 Qc4+ 48. Kf2 Qc5 $17) 43... Kd8 44. Qxe5 $18) 43. Kh2 {[%emt 0:00:24] Black must now prevent Qe6+.} Qxb2+ 44. Kh1 Qb1+ ({Weaker is} 44... Qxa2 45. Qg7+ Nf7 46. Qxd4+ Kc6 47. Qe4+ Kd6 48. Qg6+ (48. Nxh5 $2 {loses.} Qd5 $19) 48... Kc7 49. Ne6+ Kd6 50. Nf4+ Kc7 51. h4 $11) 45. Kh2 {[%emt 0:00:01] Threatens to win with Qe6+.} Qxa2+ 46. Kh1 Qb1+ 47. Kh2 {[%emt 0:00:01] Strongly threatening Qe6+.} Qc2+ 48. Kh1 $2 (48. Kg1 Qd1+ 49. Kh2 Qd2+ 50. Kh1 Qe1+ 51. Kg2) 48... Qc6+ 49. Qxc6+ Kxc6 {[%emt 0:00:08] KN-KN} 50. Kg2 a5 {[%emt 0:00:18] aiming for ...d3.} 51. Nxh5 a4 {[%emt 0:00:21] Black mates.} 52. Nf4 d3 53. Kf2 a3 54. Ne6 Kd5 {[%emt 0:00:16] Weighted Error Value: White=0.47/Black=0.05 (flawless) .  Mistake:       	White=4     	---        Inaccurate:     	White=4     	Black=3      OK:         	White=15    	Black=17     Best:        	White=1     	Black=3} 0-1

[Event "SixDays GM March 2024"]
[Site "Budapest"]
[Date "2024.03.31"]
[Round "3.3"]
[White "Kaasen, Tor Fredrik"]
[Black "Juhasz, Agoston"]
[Result "1/2-1/2"]
[ECO "E54"]
[WhiteElo "2449"]
[BlackElo "2406"]
[Annotator "RC"]
[PlyCount "69"]
[EventDate "2024.03.26"]
[EventType "tourn"]
[EventCountry "HUN"]
[SourceTitle "playchess.com"]
[Source "ChessBase"]
[SourceQuality "1"]
[TimeControl "5400+30"]

1. d4 Nf6 2. c4 e6 3. Nc3 Bb4 4. e3 O-O 5. Bd3 d5 6. Nf3 dxc4 7. Bxc4 c5 8. O-O cxd4 9. exd4 b6 10. Qe2 Bb7 11. Rd1 Nbd7 12. d5 exd5 13. Nxd5 Bxd5 14. Bxd5 Nxd5 15. Rxd5 Qc7 16. Bg5 Qc6 17. Rad1 Nf6 18. Ne5 Qxd5 19. Rxd5 Nxd5 20. Qe4 Be7 21. Nxf7 Rxf7 22. Bxe7 Rc8 23. Bg5 Nf6 24. Qa4 h6 25. Bd2 Rd8 26. Bc3 Nd5 27. Be5 Nf4 28. h3 Nd3 29. f4 Nxe5 30. fxe5 Re7 31. Qb3+ Kh8 32. Qa3 Rde8 33. Kh2 Kg8 34. Qb3+ Kh8 35. Qa3 1/2-1/2

[Event "SixDays GM March 2024"]
[Site "Budapest"]
[Date "2024.03.31"]
[Round "3.4"]
[White "Uskov, Artem"]
[Black "Pribelszky, Bence"]
[Result "1/2-1/2"]
[ECO "B56"]
[WhiteElo "2392"]
[BlackElo "2354"]
[Annotator "RC"]
[PlyCount "56"]
[EventDate "2024.03.26"]
[EventType "tourn"]
[EventCountry "HUN"]
[SourceTitle "playchess.com"]
[Source "ChessBase"]
[SourceQuality "1"]
[TimeControl "5400+30"]

1. e4 c5 2. Nf3 d6 3. d4 cxd4 4. Nxd4 Nf6 5. Nc3 Bd7 6. f3 e5 7. Nb3 Be7 8. Be3 O-O 9. Qd2 a5 10. a4 Na6 11. Bb5 Bc6 12. Nd5 Bxd5 13. exd5 b6 14. O-O Qc7 15. c4 Nd7 16. f4 Nac5 17. Nxc5 Nxc5 18. Rad1 Bf6 19. g4 exf4 20. Bxf4 Nd7 21. Rde1 Be5 22. Be3 Nc5 23. h3 f6 24. Rf3 Rf7 25. Ref1 Raf8 26. Kg2 Qc8 27. Qc2 Kh8 28. Kh1 Kg8 1/2-1/2

[Event "SixDays GM March 2024"]
[Site "Budapest"]
[Date "2024.03.31"]
[Round "3.5"]
[White "Mayank Chakraborty"]
[Black "Konyves, Almos"]
[Result "1/2-1/2"]
[ECO "C50"]
[WhiteElo "2386"]
[BlackElo "2306"]
[Annotator "RC"]
[PlyCount "103"]
[EventDate "2024.03.26"]
[EventType "tourn"]
[EventCountry "HUN"]
[SourceTitle "playchess.com"]
[Source "ChessBase"]
[SourceQuality "1"]
[TimeControl "5400+30"]

1. e4 e5 2. Nf3 Nc6 3. Bc4 Bc5 4. d3 Nf6 5. Nc3 h6 6. O-O O-O 7. h3 d6 8. Na4 Bb4 9. c3 Ba5 10. b4 Bb6 11. Nxb6 axb6 12. a4 Ne7 13. Be3 Ng6 14. Bb3 d5 15. Bc2 Re8 16. c4 d4 17. Bd2 Nh7 18. Bb3 Qf6 19. c5 bxc5 20. Rc1 c6 21. Rxc5 Nhf8 22. Nh2 Nf4 23. Bxf4 Qxf4 24. g3 Qg5 25. h4 Qg6 26. Qf3 Be6 27. Bxe6 Qxe6 28. a5 Qb3 29. Rc4 c5 30. Qd1 Qxd1 31. Rxd1 cxb4 32. Ra1 b6 33. a6 Ra7 34. Rxb4 Nd7 35. f4 exf4 36. gxf4 Nc5 37. Ra3 Rxa6 38. Rxa6 Nxa6 39. Rxd4 b5 40. Nf3 b4 41. Nd2 Nc5 42. Kf2 b3 43. Ke3 Rb8 44. Rc4 Nd7 45. Nb1 Nb6 46. Rd4 f5 47. Kd2 fxe4 48. dxe4 Rc8 49. Rb4 Nc4+ 50. Kd3 Nb2+ 51. Kd4 Rd8+ 52. Kc3 1/2-1/2

[Event "SixDays GM March 2024"]
[Site "Budapest"]
[Date "2024.04.01"]
[Round "4.1"]
[White "Horvath, Adam"]
[Black "Konyves, Almos"]
[Result "1/2-1/2"]
[ECO "C44"]
[WhiteElo "2440"]
[BlackElo "2306"]
[Annotator "TA"]
[PlyCount "55"]
[EventDate "2024.03.26"]
[EventType "tourn"]
[EventCountry "HUN"]
[SourceTitle "playchess.com"]
[Source "ChessBase"]
[SourceQuality "1"]
[TimeControl "5400+30"]

1. e4 e5 2. Nf3 Nc6 3. d4 exd4 4. Bc4 Bc5 5. Ng5 Nh6 6. Nxf7 Nxf7 7. Bxf7+ Kxf7 8. Qh5+ g6 9. Qxc5 {[%emt 0:00:05] [#] The position is equal.} d5 $1 10. O-O (10. c3 dxe4) 10... dxe4 11. c3 Qd6 12. Qxd6 cxd6 13. cxd4 Nxd4 {[%emt 0:00:04] [#] Hoping for ...Nc2.} 14. Nc3 Bg4 {[%emt 0:00:05] Dodges Rd1} 15. Nxe4 {[%emt 0:00:06][%cal Of2f3] f3! is the strong threat.} Nc2 16. Nxd6+ Ke6 17. Bf4 $1 Nxa1 18. Rxa1 Rhf8 19. Bg3 b6 20. f3 Bf5 21. Re1+ Kd5 22. Rd1+ Kc6 23. Rc1+ Kd7 24. Rd1 Ke6 25. Re1+ Kd5 26. Rd1+ Kc6 27. Rc1+ Kd7 28. Rd1 {[%emt 0:00:06] An uneventful encounter.   Weighted Error Value: White=0.00 (flawless) /Black=0.00 (flawless) .  OK:         	White=8     	Black=13     Best:        	White=1     	Black=1      Strong:       	White=1     	---} 1/2-1/2

[Event "SixDays GM March 2024"]
[Site "Budapest"]
[Date "2024.04.01"]
[Round "4.2"]
[White "Pribelszky, Bence"]
[Black "Mayank Chakraborty"]
[Result "0-1"]
[ECO "C50"]
[WhiteElo "2354"]
[BlackElo "2386"]
[Annotator "RC"]
[PlyCount "80"]
[EventDate "2024.03.26"]
[EventType "tourn"]
[EventCountry "HUN"]
[SourceTitle "playchess.com"]
[Source "ChessBase"]
[SourceQuality "1"]
[TimeControl "5400+30"]

1. e4 e5 2. Nf3 Nc6 3. Bc4 Nf6 4. d3 Bc5 5. O-O O-O 6. a4 a5 7. Be3 Bxe3 8. fxe3 d6 9. Nbd2 h6 10. h3 Ne7 11. c3 c6 12. Qb3 b5 13. axb5 d5 14. b6 Rb8 15. exd5 cxd5 16. Nxe5 Be6 17. Rxa5 dxc4 18. Ndxc4 Nfd5 19. Rb5 Nxe3 20. Rf3 N7f5 21. Qb4 Nxc4 22. dxc4 Nh4 23. Rf2 Qd1+ 24. Kh2 Qe1 25. Qc5 Rfc8 26. Qd4 Nf5 27. Qd2 Qxd2 28. Rxd2 Ne3 29. Rd6 Nxc4 30. Nxc4 Bxc4 31. Ra5 Kf8 32. Ra7 Ke8 33. Kg3 Rd8 34. Rc6 Bd5 35. Rcc7 Rxb6 36. c4 Be6 37. c5 Rxb2 38. c6 Rc2 39. Re7+ Kf8 40. c7 Rc8 0-1

[Event "SixDays GM March 2024"]
[Site "Budapest"]
[Date "2024.04.01"]
[Round "4.3"]
[White "Juhasz, Agoston"]
[Black "Uskov, Artem"]
[Result "1/2-1/2"]
[ECO "B67"]
[WhiteElo "2406"]
[BlackElo "2392"]
[Annotator "TA"]
[PlyCount "125"]
[EventDate "2024.03.26"]
[EventType "tourn"]
[EventCountry "HUN"]
[SourceTitle "playchess.com"]
[Source "ChessBase"]
[SourceQuality "1"]
[TimeControl "5400+30"]

1. e4 c5 2. Nf3 d6 3. d4 cxd4 4. Nxd4 Nf6 5. Nc3 Nc6 6. Bg5 e6 7. Qd2 a6 8. O-O-O Bd7 9. f3 Nxd4 10. Qxd4 Be7 {[%emt 0:00:11] B67: Sicilian: Richter-Rauzer: 7...a6 8 0-0-0 Bd7, lines without 9 f4 Be7.} 11. Kb1 Qc7 12. Qd2 $1 {[%emt 0:03:28] 12.Qd2 scores better than 12.h4.} Bc6 13. Bd3 O-O 14. Ne2 Bb5 15. h4 Rfc8 16. g4 Bxd3 17. cxd3 Qd8 18. Be3 $146 ({Predecessor:} 18. Rc1 d5 19. e5 Nd7 20. Bxe7 Qxe7 21. f4 Rxc1+ 22. Qxc1 Qd8 23. Qe3 Rc8 24. Nd4 {½-½ Djukic,N (2556)-Kozul,Z (2597) Sarajevo Bosna op 48th 2018 (7)}) 18... a5 19. Nd4 a4 20. h5 Qa5 21. Qg2 (21. Qxa5 {simplifies} Rxa5 22. g5 Nd7 23. f4) 21... a3 22. g5 ({White should play} 22. b3 $1 $14) 22... axb2 $1 $15 23. Qxb2 Nd7 24. h6 Qa3 (24... Bxg5 25. Bxg5 Qxg5 26. Nxe6 $16 (26. Rdg1 Qf6 $16)) (24... gxh6 $15 25. Nb3 Qa6) 25. Qxa3 Rxa3 26. Nb3 Nc5 27. Nxc5 dxc5 28. Bc1 Ra4 29. hxg7 c4 (29... Kxg7 $2 30. Bb2+ Rd4 31. Bxd4+ cxd4 32. f4 $18) 30. dxc4 Rb4+ 31. Ka1 Rbxc4 32. a3 (32. Kb1 $11) 32... Ra8 (32... Kxg7 $6 33. Bb2+ Kg8 34. Rd7 $11) 33. Rd3 {[%emt 0:01:11] [#]} Rca4 $1 34. Ka2 b5 $1 35. f4 $1 Bxa3 36. Rxa3 Rxa3+ 37. Bxa3 b4 $1 (37... Kxg7 $2 38. Kb3 $18) 38. f5 $1 exf5 (38... Rxa3+ 39. Kb2 exf5 (39... Kxg7 40. fxe6 fxe6 41. Rh6 $15) 40. exf5 Kxg7 41. Rh6 $11) (38... bxa3 $2 {perishes.} 39. f6 Rd8 40. Kxa3 $18) 39. exf5 Rxa3+ 40. Kb2 Kxg7 41. Rh6 $1 Ra5 42. f6+ Kg8 43. Rh5 $1 h6 44. Rxh6 Rxg5 45. Rh4 Rf5 46. Rxb4 Rxf6 47. Kc3 Rd6 48. Rg4+ Kf8 49. Rf4 Ke7 50. Rf3 f6 51. Rd3 Re6 52. Kd2 Re5 53. Ra3 Ke6 54. Rf3 Re4 55. Kd3 Re1 56. Kd2 Re5 57. Kd3 Rf5 58. Re3+ Kd5 59. Re1 Rh5 60. Ra1 Re5 61. Ra6 f5 62. Ra5+ Ke6 63. Rxe5+ 1/2-1/2

[Event "SixDays GM March 2024"]
[Site "Budapest"]
[Date "2024.04.01"]
[Round "4.4"]
[White "Mihok, Oliver"]
[Black "Kaasen, Tor Fredrik"]
[Result "0-1"]
[ECO "B90"]
[WhiteElo "2549"]
[BlackElo "2449"]
[Annotator "TA"]
[PlyCount "121"]
[EventDate "2024.03.26"]
[EventType "tourn"]
[EventCountry "HUN"]
[SourceTitle "playchess.com"]
[Source "ChessBase"]
[SourceQuality "1"]
[TimeControl "5400+30"]

1. e4 c5 2. Nf3 d6 3. d4 cxd4 4. Nxd4 Nf6 5. Nc3 a6 6. Be3 e5 7. Nb3 Be6 8. f3 h5 9. Nd5 Bxd5 10. exd5 Nbd7 11. Qd2 {[%emt 0:00:44] White is slightly better.} g6 12. O-O-O Bg7 13. Kb1 Rc8 14. c4 Qc7 15. Rc1 b6 16. Be2 Nc5 17. Bd1 e4 18. Nd4 O-O 19. Nc6 Rfe8 20. Bc2 exf3 (20... b5 $11 {should be considered.} 21. cxb5 axb5 22. fxe4 Qd7 (22... Ncxe4 23. Bxe4 Nxe4 24. Qd3 $11)) 21. gxf3 $14 b5 22. Bxc5 (22. cxb5 $14 axb5 23. Nb4) 22... dxc5 $15 23. Bd3 $1 Qd6 24. Rcd1 (24. Rc2 $1 $15) 24... b4 (24... bxc4 $17 25. Bxc4 Rc7) 25. Rhg1 Kf8 26. f4 (26. Rg2 {simplifies} h4 27. Rgg1 Nh5 28. Rg4) 26... Ne4 27. Qg2 Qxf4 28. Rgf1 Qg4 29. Qc2 (29. Bxe4 $14 {stays ahead.} Rxe4 (29... Qxe4+ 30. Qxe4 Rxe4 31. d6 $11) 30. Qxg4 hxg4 31. d6) 29... Nf6 {[%emt 0:03:52] Black is more active.} (29... Qh4 $1 $17 30. h3 f5) 30. Qf2 $11 Kg8 31. Qxc5 Nd7 32. Qf2 (32. Qxb4 $2 Rb8 33. Nxb8 Rxb8 $19) 32... Nf6 $1 33. Rg1 (33. Qa7 $14 Qd7 34. Rxf6 (34. Qxa6 Ng4 $15) 34... Qxa7 35. Nxa7 Bxf6 36. Nxc8 Rxc8 37. d6) 33... Qd7 34. Qf3 (34. Nxb4 Ng4 35. Rxg4 hxg4 $17 (35... Qxg4 36. Rf1 $17)) (34. Qg3 $11) 34... Ng4 $1 $15 35. Rde1 (35. Nxb4 $2 Rb8 $19) (35. h3 $15 Ne5 36. Nxe5 Rxe5 37. Bc2 Rxc4 38. d6) 35... Nxh2 $17 36. Qf2 Ng4 37. Qa7 Qd6 {[%emt 0:01:04] ...Qh2 would now be deadly.} 38. Ne7+ {[%emt 0:02:22] [#]} (38. Qxa6 $2 Qf6 $19) 38... Kh7 $1 {[%emt 0:00:17] Threatens to win with ...Rc7.} 39. Rxg4 {[%emt 0:00:30] [#] aiming for Rh4.} (39. Nxc8 $2 {loses.} Qf6 40. Bxg6+ Kh6 $19 (40... Kxg6 $2 41. Qb6 $19) (40... fxg6 $2 41. Qxg7+ Kxg7 42. Rxe8 $19) (40... Qxg6+ $2 41. Ka1 $19) (40... Kxg6 $2 41. Qb6 $19) (40... fxg6 $2 41. Qxg7+ Kxg7 42. Rxe8 $19) (40... Qxg6+ $2 41. Ka1 $19)) 39... Rc7 $1 $40 {[%emt 0:00:42][%mdl 128] Black wants a kill.} 40. Qf2 {[%emt 0:03:35] And now c5 would win.} Rcxe7 ({Worse is} 40... hxg4 41. Rh1+ (41. Qxf7 Kh6 42. Re6 Qxe6 43. dxe6 Kg5 44. Qxg6+ Kf4 45. Qe4+ Kg5 46. Qe3+ Kh4) 41... Bh6 42. Qxf7+ Kh8 43. Rxh6#) 41. Rge4 Rxe4 42. Rxe4 Rxe4 43. Bxe4 $19 {[%emt 0:00:04][%mdl 4096] Endgame. KQB-KQB} Qf6 (43... Qe5 $19 44. Bg2 Kg8) 44. Qe2 (44. Qxf6 $17 Bxf6 45. d6) 44... Qe5 45. c5 $2 (45. d6 {was necessary.}) 45... f5 46. Bf3 Qxe2 47. Bxe2 {[%emt 0:00:03][%cal Od5d6] KB-KB} Bd4 48. c6 Be5 {[%emt 0:00:10] White must now prevent ...h4.} 49. Bxa6 {[%emt 0:00:19] Hoping for a4.} h4 $2 ({Better is} 49... g5 $19 50. a3 bxa3) 50. a4 $2 (50. Bf1 $11 Kg7 51. a4 bxa3 52. bxa3) 50... bxa3 51. b4 Kg7 {[%emt 0:00:21] ...h3 is the strong threat.} 52. Bf1 Kf7 $2 (52... Kf6 53. b5 Bc7) 53. b5 $2 (53. Ka2 Bc7 54. Kxa3) 53... Bc7 {[%emt 0:00:53] Strongly threatening ...Ke7.} 54. Ka2 Ke7 55. Kxa3 Kd6 {[%emt 0:00:16][%cal Og6g5] ( -> ...g5!)} 56. Kb3 g5 {[%emt 0:00:25] Black mates.} 57. Bd3 f4 ({Weaker is} 57... Kxd5 58. Bxf5 Kc5 59. Ka4 $11) 58. Kc4 g4 59. Be4 h3 60. Kd3 f3 61. Kd4 {Weighted Error Value: White=0.81/Black=0.42.  Loses game:     	White=2     	---        Missed win:     	---       	Black=1      Mistake:       	White=7     	Black=4      Inaccurate:     	White=4     	Black=3      OK:         	White=9     	Black=17     Best:        	White=5     	Black=3      Strong:       	White=1     	Black=4} 0-1

[Event "SixDays GM March 2024"]
[Site "Budapest"]
[Date "2024.04.01"]
[Round "4.5"]
[White "Grover, Sahaj"]
[Black "Orujov, Farid"]
[Result "1-0"]
[ECO "D10"]
[WhiteElo "2514"]
[BlackElo "2266"]
[Annotator "TA"]
[PlyCount "87"]
[EventDate "2024.03.26"]
[EventType "tourn"]
[EventCountry "HUN"]
[SourceTitle "playchess.com"]
[Source "ChessBase"]
[SourceQuality "1"]
[TimeControl "5400+30"]

1. d4 d5 2. c4 c6 3. cxd5 cxd5 4. Bf4 Nc6 5. e3 Nf6 6. Nc3 Bf5 7. Qb3 Na5 8. Qa4+ Bd7 9. Qc2 e6 10. Bd3 {[%emt 0:01:53] The position is equal.} Rc8 11. Nf3 Bb4 12. O-O O-O 13. Rac1 a6 14. Ne5 Bxc3 15. bxc3 Bb5 16. Bg5 (16. Bxb5 {simplifies} axb5 17. Qb2 Qe8 18. Rfe1) 16... Bxd3 17. Qxd3 h6 18. Bxf6 gxf6 19. Nf3 f5 20. Kh1 Nc4 21. Rg1 Kh8 22. g4 fxg4 23. Rxg4 Rg8 24. Rh4 Rg6 25. e4 Qd6 26. e5 Qe7 27. Rh5 Kg7 (27... Qf8 $1 $11) 28. Nh4 $16 Rg5 {[%emt 0:02:11] [#]} 29. Qe2 (29. Rxg5+ $1 $16 hxg5 30. Nf3) 29... Rg8 $11 30. f4 Rxh5 31. Qxh5 Kh7 32. Nf3 {[%emt 0:03:17] Dodges Nd2} Rg6 {[%emt 0:00:49] ...Qa3 would now be deadly.} 33. f5 $36 {[%emt 0:03:13][%mdl 2048] White has good play.} exf5 34. Qxf5 Qe6 (34... b5 $11 {remains equal.}) 35. Nh4 $16 {[%emt 0:01:29][%cal Bf3h4,Bh4g2,Bg2f4,Bf4h5,Bh5f6,Bf6d7][%mdl 32] Hoping for Qd3.} Ne3 36. Qxe6 Rxe6 {[%emt 0:00:02][%mdl 4096] Endgame. KRN-KRN} 37. Re1 Nc4 38. Ng2 Rc6 (38... Rb6 $14) 39. Nf4 $18 Nb6 40. Rb1 Kg8 41. Nh5 Kf8 42. Nf6 {[%emt 0:00:17][%cal Ob1b6] And now Rxb6! would win.} a5 $2 {[%emt 0:01:04] [#]} (42... Na4) 43. Rxb6 $1 Rxb6 (43... Rxc3 44. Rxb7) 44. Nd7+ {[%emt 0:00:05] Weighted Error Value: White=0.13 (very precise) /Black=0.17 (very precise) .  Mistake:       	White=1     	Black=4      Inaccurate:     	White=2     	Black=4      OK:         	White=13    	Black=14     Best:        	White=6     	---        Brilliant:      	White=1     	---} (44. Nxd5 $2 {too greedy.} Rb1+ 45. Kg2 Rb2+ 46. Kf1 Rxa2 $19) 1-0

[Event "SixDays GM March 2024"]
[Site "Budapest"]
[Date "2024.04.01"]
[Round "5.1"]
[White "Orujov, Farid"]
[Black "Horvath, Adam"]
[Result "0-1"]
[ECO "B47"]
[WhiteElo "2266"]
[BlackElo "2440"]
[Annotator "TA"]
[PlyCount "124"]
[EventDate "2024.03.26"]
[EventType "tourn"]
[EventCountry "HUN"]
[SourceTitle "playchess.com"]
[Source "ChessBase"]
[SourceQuality "1"]
[TimeControl "5400+30"]

1. e4 c5 2. Nf3 Nc6 3. d4 cxd4 4. Nxd4 Qc7 5. Nc3 e6 6. f4 a6 7. Nxc6 Qxc6 8. Bd3 b5 9. Qe2 Bb7 10. Bd2 Rc8 11. a3 h5 12. Rf1 b4 13. axb4 Bxb4 14. Kd1 (14. Bxa6 $2 Ra8 15. Nd5 Bd6 $19 (15... Rxa6 $2 16. Rxa6 Bxa6 17. Qxa6 $17)) 14... Nf6 15. e5 Bxc3 16. Bxc3 Nd5 17. Bd2 Qb6 18. Kc1 Nb4 19. Bxb4 Qxb4 20. Ra3 a5 21. Ba6 (21. Qd2 $11) 21... Bxa6 $17 22. Qxa6 O-O 23. Qe2 ({Don't play} 23. Qxa5 Rxc2+ 24. Kxc2 Qc4+ 25. Qc3 Qxf1 $17) (23. Qd3 $15) 23... Rc4 $17 24. Qd2 Rfc8 25. c3 Rd4 26. Qf2 Rd5 27. Rd1 (27. g3 $17 {is a better defense.}) 27... Rxd1+ $19 28. Kxd1 Qb5 $2 ({Black should try} 28... Qe4 $17 {Hoping for ...Qb1+.} 29. Kc1 a4) 29. Kc1 (29. Qe2 $1 $11 Qb6 30. Kc2) 29... a4 $17 30. g3 Rc4 (30... Rb8 $17 31. Qc2 Qf1+ 32. Kd2 Qg2+ 33. Kd3 Rxb2 34. Qxg2 Rxg2 35. Rxa4 Kf8 (35... Rxh2 $2 36. Ke3 $19) 36. Ra8+ Ke7) 31. Qf3 $11 g6 (31... Qb6 {is more complex.} 32. Kb1 g6 33. Qa8+ Kg7) 32. Kb1 (32. Qa8+ $1 $11 Kg7 33. Kb1) 32... Kg7 (32... Rc6 $15) 33. Qd3 (33. Qa8 $1 $11) 33... Qc6 $17 34. h4 Rc5 ({Better is} 34... Kh8 $17 35. Qd6 Qxd6 36. exd6 Kg7) 35. Qd4 $11 Rc4 36. Qd6 $2 (36. Qd3 $1 $11 {and White stays safe.}) 36... Qe4+ 37. Ka2 Qb7 38. Qd1 {[%emt 0:05:15] [#]} Qc6 $1 39. Qd3 Re4 40. Qd1 (40. Kb1 {was called for.}) 40... Qb5 $19 41. Qc1 $2 (41. c4 Qxc4+ (41... Rxc4 $2 42. Qd2 $19) 42. Kb1) 41... Qc4+ $19 42. Ka1 Re2 43. Qd1 Qb5 44. Qc1 Qc4 $2 (44... Qd5 45. Rxa4 Rh2) 45. Qd1 $19 Qb5 $2 (45... Rg2 46. Rxa4 Qc6) 46. Qc1 $19 Qd3 47. Rxa4 Rf2 48. Rd4 Qf3 49. Ka2 Qxg3 50. Rxd7 (50. Kb3 $142) 50... Qxh4 $19 ({Weaker is} 50... Rxf4 51. Qh1 $19) 51. Rd4 Qg3 52. c4 Qg2 53. Qc3 Rc2 54. Qb4 {[%emt 0:00:21] [#]} (54. Qa3 $142) 54... Qa8+ $1 $19 (54... h4 55. Rd8 $18) 55. Kb1 Rf2 56. Qe7 $2 (56. Qe1 $19 Qg2 57. Qb4) 56... Rf1+ 57. Kc2 Qa4+ 58. b3 Qa2+ 59. Kc3 Rf3+ 60. Rd3 Qa1+ 61. Kb4 Rxd3 62. Qf6+ Kg8 0-1

[Event "SixDays GM March 2024"]
[Site "Budapest"]
[Date "2024.04.01"]
[Round "5.2"]
[White "Kaasen, Tor Fredrik"]
[Black "Grover, Sahaj"]
[Result "1/2-1/2"]
[ECO "D31"]
[WhiteElo "2449"]
[BlackElo "2514"]
[Annotator "RC"]
[PlyCount "37"]
[EventDate "2024.03.26"]
[EventType "tourn"]
[EventCountry "HUN"]
[SourceTitle "playchess.com"]
[Source "ChessBase"]
[SourceQuality "1"]
[TimeControl "5400+30"]

1. d4 d5 2. c4 e6 3. Nc3 a6 4. cxd5 exd5 5. Nf3 Nf6 6. Bg5 Be6 7. e3 Nbd7 8. Bd3 c6 9. h3 Bd6 10. Bf4 Qb8 11. Qd2 O-O 12. O-O h6 13. Rfe1 Re8 14. Rac1 a5 15. Bb1 a4 16. b3 axb3 17. axb3 Nh5 18. Bxd6 Qxd6 19. Na4 1/2-1/2

[Event "SixDays GM March 2024"]
[Site "Budapest"]
[Date "2024.04.01"]
[Round "5.3"]
[White "Uskov, Artem"]
[Black "Mihok, Oliver"]
[Result "0-1"]
[ECO "E68"]
[WhiteElo "2392"]
[BlackElo "2549"]
[Annotator "TA"]
[PlyCount "148"]
[EventDate "2024.03.26"]
[EventType "tourn"]
[EventCountry "HUN"]
[SourceTitle "playchess.com"]
[Source "ChessBase"]
[SourceQuality "1"]
[TimeControl "5400+30"]

1. d4 Nf6 2. Nf3 g6 3. c4 Bg7 4. g3 O-O 5. Bg2 d6 6. Nc3 Nbd7 7. O-O e5 8. e4 exd4 9. Nxd4 Re8 10. h3 Rb8 11. Be3 a6 12. b3 {[%emt 0:00:04] E68: King's Indian: Fianchetto: 6...Nbd7 7 0-0 e5 8 e4.} Ne5 13. Qc2 c5 14. Nde2 b5 15. cxb5 axb5 16. Rad1 Qc7 17. Bg5 b4 18. Bxf6 Bxf6 19. Nd5 Qd8 20. f4 Nd7 21. Nxf6+ Qxf6 22. Rd2 Qe7 23. Rfd1 Rb6 24. Qb2 $146 ({Predecessor:} 24. g4 Ba6 25. e5 Bxe2 26. Rxe2 dxe5 27. Qd3 Nf8 28. Rxe5 Re6 29. Rxe6 Nxe6 30. Re1 {0-1 Walaszczyk,W (2245)-Plichta,K (2177) POL-chT 2nd League 2011 (8.75)}) 24... Nf6 25. e5 dxe5 26. fxe5 Qxe5 27. Qxe5 Rxe5 28. Nf4 Bb7 29. Rd8+ Kg7 30. Rb8 Bf3 $1 31. Rxb6 Bxd1 32. Nd3 Rg5 33. Kf2 Bc2 $1 34. Nb2 Ne4+ 35. Bxe4 Bxe4 36. Nc4 Rd5 37. g4 Bb1 38. a3 bxa3 39. Nxa3 Bd3 40. Nb5 Re5 41. Nc3 h5 42. b4 {[%emt 0:00:53] [#]} (42. gxh5 $142 Rxh5 43. Na4) 42... cxb4 $1 $17 43. Rxb4 h4 44. Rd4 Ba6 45. Ra4 Bb7 46. Rb4 Bc6 47. Rc4 Bd7 48. Rd4 Be6 49. Ne2 Rb5 50. Rd2 Rb3 51. Kg2 Bc8 52. Kh2 $2 (52. Ng1 {was worth a try.}) 52... Bb7 $19 53. Nf4 $2 (53. Nc1 Rf3 54. Rb2) 53... Rb1 $19 54. Ng2 g5 55. Rf2 Rd1 $2 (55... Kg8 $19 {is more deadly.} 56. Re2 Rf1) 56. Rb2 $17 Bd5 57. Rf2 $2 (57. Re2 $17) 57... Kg6 $2 (57... Kf8 58. Re2 Rf1) 58. Rb2 $2 (58. Ne1) 58... Kf6 59. Rf2+ Ke6 60. Re2+ Kd6 61. Ne1 Kc5 62. Kg1 Bc4 63. Re4 Rb1 (63... Kd5 $142 64. Re7 Kd4) 64. Kf2 $19 Rb2+ 65. Kg1 Kd5 66. Re8 $2 {[%emt 0:00:43] [#]} (66. Re7 $17) 66... Rb3 $1 $19 67. Kg2 Rg3+ 68. Kh2 $2 (68. Kf2 Rxh3 69. Nf3) 68... Bf1 $19 69. Ra8 f6 70. Ra2 Bxh3 71. Rf2 Ke6 72. Rd2 Bxg4 73. Nd3 Re3 74. Nc5+ Kf7 0-1